Match 37408535
Unlisted

Match 37408535
End
Vickers Machine Gun Team
Construct Section Command Post
Selects Indian Artillery Battlegroup
Selects Indian Artillery Battlegroup
Infantry Section
Infantry Section
Selects Towed ML 4.2-inch Heavy Mortar
Towed ML 4.2-inch Heavy Mortar
Construct Platoon Command Post
6-pounder Anti-tank Gun Team
Selects Valour
Selects Gurkha Rifles Section
Gurkha Rifles Section
Construct Company Command Post
Matilda II Heavy Tank
Selects Volunteer Infantry
Selects Off-map Airburst Barrage
CMP 15cwt Truck
Unlock M3 Grant Medium Tanks
Off-map Airburst Barrage
Gurkha Rifles Section
M3 Grant Medium Tank
Bebbo
Faurix
..................
顾宇燃
Herogus3xD
Gsacie
幼稚也可爱
皮皮
0
0

Comments sign in to comment!

No comments posted yet!